 Dungeon Crawl Stone Soup version 0.31.0-32-g396128a36d (webtiles) character file.

Game seed: 14240798168958694623

481 spaghetti the Slasher (level 6, 0/47 HPs)
             Began as a Demonspawn Chaos Knight on Mar 23, 2024.
             Was a Plaything of Xom.
             Slain by an ogre
             ... wielding a +0 giant club
              (21 damage)
             ... on level 5 of the Dungeon.
             The game lasted 00:03:23 (3350 turns).

spaghetti the Slasher (Demonspawn Chaos Knight)     Turns: 3350, Time: 00:03:24

Health: 0/47       AC:  8    Str: 10    XL:     6   Next: 87%
Magic:  6/6        EV: 11    Int: 10    God:    Xom [...*..]
Gold:   235        SH:  0    Dex: 23    Spells: 5/5 levels left

rFire   . . .        a - +0 falchion (chaos)
rCold   + . .        (no shield)
rNeg    . . .        n - +1 leather armour of the Solstice {rC+}
rPois   .            d - +2 hat
rElec   .            h - +0 cloak
rCorr   .            i - +0 pair of gloves
SInv    .            (no boots)
Will    .....        (no amulet)
Stlth   ++           (no ring)
HPRegen 0.27/turn    (no ring)
MPRegen 0.10/turn

%: no passive effects
@: no status effects
A: hooves 2, spiny 1, antennae 1, agile 2, no potion heal 1
a: Renounce Religion


You were on level 5 of the Dungeon.
You worshipped Xom.
You were a favourite toy of Xom.
You visited 1 branch of the dungeon, and saw 5 of its levels.

You collected 235 gold pieces.

Inventory:

Hand Weapons
 a - a +0 falchion of chaos (weapon)
Armour
 b - a +2 leather armour
 d - a +2 hat (worn)
 h - a +0 cloak (worn)
 i - a +0 pair of gloves (worn)
 n - the +1 leather armour of the Solstice (worn) {rC+}
   (You found it on level 4 of the Dungeon)

   rC+:       It protects you from cold.
Jewellery
 g - a ring of ice
Scrolls
 c - 3 scrolls of butterflies
 e - 5 scrolls of fog
 f - a scroll of revelation
 k - 3 scrolls of enchant armour
 l - a scroll of poison
 m - a scroll of blinking {unknown}
Potions
 j - 2 potions of curing
 o - a potion of lignification


   Skills:
 - Level 3.0 Fighting
 + Level 7.2 Long Blades
 - Level 1.7 Armour
 - Level 0.8 Dodging


You had 5 spell levels left.
You didn't know any spells.
Your spell library contained the following spells:

 Spells                   Type           Power      Damage    Failure   Level
 Necrotise                Necr           0%         1d4       45%         1
 Vampiric Draining        Necr           0%         2d6       83%         3
 Martyr's Knell           Necr/Summ      0%         N/A       99%         4
 Curse of Agony           Necr           0%         N/A       100%        5


Dungeon Overview and Level Annotations

Branches:
Dungeon (5/15)
 Temple: D:4-7

Altars:
Ashenzari
Uskayaw
Wu Jian


Innate Abilities, Weirdness & Mutations

You have hoof-like feet.
You are partially covered in sharp spines.
You have a pair of small antennae on your head.
You are very agile. (Dex +8, Str/Int -2)
Potions are less effective at restoring your health.


Message History

No target in view!
No target in view!
No target in view!
No target in view!
o - a potion of lignification An ogre comes into view.
It is wielding a +0 giant club.
An ogre is nearby!
An ogre is nearby!
An ogre is nearby!
Found a potion of curing.
You are now a favourite toy of Xom.
The helpless ogre fails to defend itself.
You slash the ogre! You burn the ogre. You kick the ogre.
The ogre is heavily wounded.
The ogre hits you with a +0 giant club!!
Ouch! That really hurt!
A shower of butterflies erupts from you!
You are too injured to fight recklessly!
You are too injured to fight recklessly!
You are too injured to fight recklessly!
You are too injured to fight recklessly!
You are too injured to fight recklessly!
You are too injured to fight recklessly!
You are too injured to fight recklessly!
You are too injured to fight recklessly!
You are too injured to fight recklessly!
You are too injured to fight recklessly!
You are too injured to fight recklessly!
You are too injured to fight recklessly!
You are too injured to fight recklessly!
You are too injured to fight recklessly!
You are too injured to fight recklessly!
You are too injured to fight recklessly!
You are too injured to fight recklessly!
You are too injured to fight recklessly!
Unknown command.
You slash the ogre! You drain the ogre.
The ogre is almost dead.
The ogre hits you with a +0 giant club!!
You die...

....... ...........
......# #..........
#.....# #........!.
+.....# #...b......
#.....# #.b....... #.....#
#.b..... #.....# #.b.O#
####.....# #..@b#
.....##### #.####
.....#...# #.# .....'...#
##.# #########
.....########..###.......#
#####....................#
#.....≈.≈≈≈.≈≈≈.≈....#
#.....≈...≈.≈...≈....#
#####.....≈≈≈.≈.≈.≈≈≈...##


You could see an ogre (drained, ally target).

Vanquished Creatures
  An ice beast (D:4)
  A scorpion (D:5)
  A jelly (D:5)
  A hound (D:3)
  An orc priest (D:4)
  An iguana (D:4)
  An orc wizard (D:4)
  A sleepcap (D:5)
  4 adders
  A white imp (D:4)
  5 ribbon worms
  A dart slug (D:2)
  11 orcs
  8 bats
  8 endoplasms
  4 giant cockroaches
  6 goblins
  7 hobgoblins
  7 jackals
  9 kobolds
  5 quokkas
  4 ball pythons
  4 frilled lizards
  4 rats
96 creatures vanquished.

Vanquished Creatures (collateral kills)
  A ball python (D:1)
  A kobold (D:1)
2 creatures vanquished.

Grand Total: 98 creatures vanquished

Notes
Turn   | Place    | Note
-------+----------+-------------------------------------------
     0 | D:1      | spaghetti the Demonspawn Chaos Knight began the quest for
                  | the Orb.
     0 | D:1      | Reached XP level 1. HP: 18/18 MP: 1/1
    49 | D:1      | Reached skill level 3 in Long Blades
    75 | D:1      | Gained mutation: You are partially covered in sharp spines.
                  | [demonic ancestry]
    75 | D:1      | Reached XP level 2. HP: 21/24 MP: 2/2
   106 | D:1      | XOM: silly message
  1042 | D:2      | Reached skill level 4 in Long Blades
  1042 | D:2      | Reached XP level 3. HP: 29/29 MP: 3/3
  1230 | D:2      | XOM: summons 3 friendly demons
  1231 | D:2      | Gained mutation: You have large cloven feet. [demonic
                  | ancestry]
  1231 | D:2      | Reached XP level 4. HP: 35/35 MP: 4/4
  1247 | D:2      | XOM: polymorph ufetubus -> shadow imp
  1295 | D:2      | Gained mutation: You are agile. (Dex +4, Str/Int -1)
                  | [potion of mutation]
  1295 | D:2      | Gained mutation: Potions are less effective at restoring
                  | your health. [potion of mutation]
  1453 | D:2      | XOM: give mutations
  1453 | D:2      | Gained mutation: You have a pair of small antennae on your
                  | head. [Xom's grace]
  1453 | D:2      | Gained mutation: You have hoof-like feet. [Xom's grace]
  1453 | D:2      | Gained mutation: You are very agile. (Dex +8, Str/Int -2)
                  | [Xom's grace]
  1523 | D:2      | Found a faded altar of an unknown god.
  1963 | D:3      | Reached skill level 5 in Long Blades
  2067 | D:3      | Mutation became permanent: You have large cloven feet.
                  | [demonic ancestry]
  2067 | D:3      | Gained mutation: You have hoof-like feet. [demonic
                  | ancestry]
  2067 | D:3      | Reached XP level 5. HP: 41/41 MP: 5/5
  2076 | D:3      | Found a broken altar of Ashenzari.
  2496 | D:4      | Found an ornate altar of the Wu Jian Council.
  2536 | D:4      | XOM: confuse monster(s)
  2537 | D:4      | XOM: swap monsters
  2545 | D:4      | XOM: silly message
  2547 | D:4      | Reached skill level 6 in Long Blades
  2808 | D:4      | Identified the +1 leather armour of the Solstice {rC+}
  2858 | D:4      | Noticed an ice beast
  2878 | D:4      | Killed an ice beast
  2879 | D:4      | Reached XP level 6. HP: 47/47 MP: 6/6
  2879 | D:4      | XOM: god gift: dagger {god gift}
  3171 | D:5      | Entered Level 5 of the Dungeon
  3211 | D:5      | XOM: noise
  3216 | D:5      | Reached skill level 7 in Long Blades
  3295 | D:5      | Found a hide-covered altar of Uskayaw.
  3349 | D:5      | XOM: butterfly on damage
  3350 | D:5      | Slain by an ogre

Illustrated notes

Levels and vault maps discovered:
D:1:      dreamdust_arrival_beginning_and_end, layout_loops_corners,
          minmay_misc_feat_tower
D:2:      layout_basic, ebering_ecumenical_altar_petrified, kennysheep_boxes
D:3:      kennysheep_big_flooded_room, layout_basic,
          nicolae_ashenzari_panopticon, minmay_tree_intersection,
          hex_intersection
D:4:      layout_loops_cross, mainiacjoe_overflow_tiny_flanked,
          minmay_increasing_density
D:5:      layout_gridville, mainiacjoe_overflow_large_starburst,
          lemuel_mausoleum_altar_yredelemnul, serial_shops,
          nicolae_shop_drivethru, dk_rats_in_the_wall

Skill      XL: |  1  2  3  4  5  6 |
---------------+-------------------+-----
Long Blades    | 3 4 5 6 7 |  7.2
Fighting       | |  3.0
Armour         | |  1.7
Dodging        | |  0.8

Action                     |  1- 3 |  4- 6 || total
---------------------------+-------+-------++-------
  Melee: Falchion          |    74 |   108 ||   182
         Kick              |       |    27 ||    27
    Use: Scroll            |     4 |     1 ||     5
         Potion            |     3 |     2 ||     5
   Stab: Sleeping          |       |     6 ||     6
         Paralysed         |       |     1 ||     1
 Armour: Leather armour    |    36 |    53 ||    89
         Skin              |       |    41 ||    41
  Dodge: Dodged            |    56 |    36 ||    92
